 Dungeon Crawl Stone Soup version 0.31-a0-924-ge39a22a033 (webtiles) character file.

Game seed: 3360590724185864514

168 Pixllover the Chopper (level 5, -1/47 HPs)
             Began as a Hill Orc Monk on Oct 18, 2023.
             Was a Believer of Beogh.
             Slain by a gnoll
             ... wielding a +0 whip
             ... led by a gnoll sergeant
              (6 damage)
             ... on level 3 of the Dungeon.
             The game lasted 00:04:44 (2202 turns).

Pixllover the Chopper (Hill Orc Monk)               Turns: 2202, Time: 00:04:45

Health: -1/47      AC: 11    Str: 16    XL:     5   Next: 48%
Magic:  5/5        EV:  5    Int: 10    God:    Beogh [**....]
Gold:   97         SH:  0    Dex: 13    Spells: 4/4 levels left

rFire   . . .        a - +0 hand axe
rCold   . . .        d - orb {light}
rNeg    . . .        k - +0 plate armour
rPois   .            (no helmet)
rElec   .            (no cloak)
rCorr   .            (no gloves)
SInv    .            h - +0 pair of boots
Will    .....        (no amulet) Stlth
                     (no ring)
HPRegen 0.27/turn    (no ring)
MPRegen 0.09/turn

%: no passive effects
@: glowing
A: no striking features
a: Renounce Religion, Smiting


You were on level 3 of the Dungeon.
You worshipped Beogh.
Beogh was pleased with you.
You visited 1 branch of the dungeon, and saw 3 of its levels.

You collected 97 gold pieces.

Inventory:

Hand Weapons
 a - a +0 hand axe (weapon)
Armour
 d - an orb of light (worn)
 h - a +0 pair of boots (worn)
 k - a +0 plate armour (worn)
Scrolls
 e - a scroll of revelation
 g - a scroll of noise {unknown}
 i - a scroll of poison {unknown}
 j - 2 scrolls of identify
 m - a scroll of fog {unknown}
Potions
 b - 2 potions of curing {unknown}
 c - a potion of ambrosia
 f - a potion of attraction {unknown}


   Skills:
 + Level 4.5 Fighting
 + Level 6.1 Axes
 + Level 1.5 Armour
 + Level 3.1 Dodging
 + Level 0.3 Stealth


You had 4 spell levels left.
You didn't know any spells.
Your spell library contained the following spells:

 Spells                   Type           Power      Damage    Failure   Level
 Apportation              Tloc           0%         N/A       100%        1
 Necrotise                Necr           0%         1d4       100%        1
 Sting                    Tmut/Pois      0%         1d3       100%        1
 Summon Small Mammal      Summ           0%         N/A       100%        1
 Poisonous Vapours        Pois/Air       0%         N/A       100%        2
 Olgreb's Toxic Radiance  Pois           0%         N/A       100%        4


Dungeon Overview and Level Annotations

Branches:
Dungeon (3/15)

Altars:

Shops:
D:1 [


Message History

You barely miss the gnoll.
The gnoll is heavily wounded.
The gnoll sergeant hits you but does no damage.
The gnoll sergeant hits you but does no damage.
The gnoll hits you with a +0 whip.
Things that are here:
a +0 whip; a gnoll corpse You hit the gnoll sergeant.
The gnoll sergeant is lightly wounded.
You barely miss the gnoll.
The gnoll sergeant hits you with a +0 trident.
The gnoll hits you but does no damage.
You hit the gnoll sergeant but do no damage.
The gnoll sergeant is lightly wounded.
You hit the gnoll but do no damage.
The gnoll sergeant hits you but does no damage.
The gnoll hits you with a +0 whip.
You hit the gnoll sergeant but do no damage.
The gnoll sergeant is lightly wounded.
You hit the gnoll but do no damage.
The gnoll sergeant hits you but does no damage.
The gnoll hits you with a +0 whip.
* * * LOW HITPOINT WARNING * * *
You hit the gnoll sergeant but do no damage.
The gnoll sergeant is lightly wounded.
You hit the gnoll but do no damage. The gnoll sergeant barely misses you.
The gnoll hits you with a +0 whip.
* * * LOW HITPOINT WARNING * * *
You hit the gnoll sergeant but do no damage.
The gnoll sergeant is lightly wounded.
You barely miss the gnoll.
The gnoll sergeant hits you with a +0 trident.
* * * LOW HITPOINT WARNING * * *
The gnoll closely misses you.
As you read the scroll labelled JIOMEI LUTEO, it crumbles to dust.
It is a scroll of identify.
e - a scroll of revelation The gnoll sergeant hits you but does no damage.
The gnoll hits you with a +0 whip.
You die...

....................
.......###.##..#..##.##..
....... #. #..#..##.##..
....... # #..#..##.####
....... #..##..#.....
....... ....#........
.......## ###.##.#.#....
........######.#........<
.......g@................
.........g####.#####.....
..........# #.#####..###
^.........# #...........
..#.......# ########..##
. #.......# ##.#.
#.......# #... .........
##.. #..


You could see a gnoll sergeant and a gnoll.

Vanquished Creatures
  2 orc wizards (D:3)
  2 adders
  2 gnolls (D:3)
  A worm (D:3)
  A dart slug (D:3)
  6 orcs (D:3)
  7 ball pythons
  5 endoplasms
  2 giant cockroaches (D:1)
  5 goblins
  5 hobgoblins
  13 jackals
  5 kobolds
  A quokka (D:2)
  3 bats
  3 frilled lizards
  3 rats
66 creatures vanquished.

Vanquished Creatures (others)
  2 orcs (D:3)
2 creatures vanquished.

Grand Total: 68 creatures vanquished

Notes
Turn   | Place    | Note
-------+----------+-------------------------------------------
     0 | D:1      | Pixllover the Hill Orc Monk began the quest for the Orb.
     0 | D:1      | Reached XP level 1. HP: 19/19 MP: 1/1
    74 | D:1      | Reached XP level 2. HP: 26/27 MP: 2/2
   230 | D:1      | Found Sicis's Antique Armour Shop.
   644 | D:2      | Reached XP level 3. HP: 33/33 MP: 3/3
  1364 | D:2      | Reached skill level 5 in Axes
  1562 | D:3      | Reached XP level 4. HP: 41/41 MP: 4/4
  1636 | D:3      | Became a worshipper of Beogh the Brigand
  1636 | D:3      | Reached * piety under Beogh
  1636 | D:3      | Reached ** piety under Beogh
  1767 | D:3      | HP: 2/41 [orc wizard/puff of flame (10)]
  1772 | D:3      | HP: 2/41 [orc wizard/puff of flame (1)]
  1781 | D:3      | Reached skill level 1 in Armour
  1781 | D:3      | Reached XP level 5. HP: 5/47 MP: 5/5
  2104 | D:3      | Reached skill level 6 in Axes
  2202 | D:3      | Slain by a gnoll

Illustrated notes

Levels and vault maps discovered:
D:1:      dpeg_arrival_stonehenge_8_columns, layout_loops_ring, serial_shops,
          shop
D:2:      layout_basic, roderic_lattice_a
D:3:      layout_basic

Skill      XL: |  1  2  3  4  5 |
---------------+----------------+-----
Fighting       | 4 |  4.5
Axes           | 5 6 |  6.1
Dodging        | 3 |  3.1
Armour         | 1 |  1.5
Stealth        | |  0.3

Action                     |  1- 3 |  4- 6 || total
---------------------------+-------+-------++-------
  Melee: Hand axe          |   113 |    91 ||   204
 Invoke: Convert to Beogh  |       |     1 ||     1
    Use: Scroll            |       |     1 ||     1
 Armour: Robe              |    42 |       ||    42
         Plate armour      |    49 |   140 ||   189
  Dodge: Dodged            |    57 |    32 ||    89

Table legend: (Time is in decaauts)
 A = Elapsed time spent in this place.
 B = Non-inter-level travel time spent in this place.
 C = Inter-level travel time spent in this place.
 D = Time resting spent in this place.
 E = Time spent auto-exploring this place.
 F = Levels seen in this place.
 G = Mean time per level.
                   A        B        C        D        E       F      G
               +--------+--------+--------+--------+--------+-----+--------+
         Total |   2212 |   2154 |     58 |    133 |   1298 |   3 |  737.3 |
       Dungeon |   2212 |   2154 |     58 |    133 |   1298 |   3 |  737.3 |
               +--------+--------+--------+--------+--------+-----+--------+

Top non-repeatable levels by time:
     D:2: 887 daAuts
     D:3: 680 daAuts
     D:1: 643 daAuts
